 Dungeon Crawl Stone Soup version 0.26-a0-771-g060e6a62af (webtiles) character file.

Game seed: 1148095067780290766

51 ringo67 the Skirmisher (level 3, -3/33 HPs)
             Began as a Ghoul Abyssal Knight on Nov 8, 2020.
             Was a Follower of Lugonu.
             Slain by an orc wizard
             ... wielding a +0 dagger
              (4 damage)
             ... on level 2 of the Dungeon.
             The game lasted 00:04:18 (1792 turns).

ringo67 the Skirmisher (Ghoul Abyssal Knight)       Turns: 1792, Time: 00:04:20

Health: -3/33      AC:  6    Str: 16    XL:     3   Next: 83%
Magic:  3/3        EV:  7    Int:  7    God:    Lugonu [*.....]
Gold:   143        SH:  7    Dex:  8    Spells: 2/2 levels left

rFire    . . .     SeeInvis .   a - +1 mace
rCold    + . .     Faith    .   i - +0 kite shield
rNeg     + + +     Spirit   .   r - +0 ring mail
rPois    ∞         Reflect  .   j - +0 helmet
rElec    .         Harm     .   (no cloak)
rCorr    .         Rampage  .   (no gloves)
MR       .....                  (no boots)
Stlth    ..........             c - amulet of regeneration
HPRegen  0.00/turn              (no ring)
MPRegen  0.08/turn              (no ring)

@: no status effects
A: rotting body, claws 1, cold resistance 1, negative energy resistance 3,
inhibited regeneration, torment resistance, unbreathing
a: Depart the Abyss, Renounce Religion


You were on level 2 of the Dungeon.
You worshipped Lugonu.
Lugonu was aware of your devotion.
You visited 1 branch of the dungeon, and saw 3 of its levels.
You visited the Abyss 1 time.

You collected 143 gold pieces.

Inventory:

Hand Weapons
 a - a +1 mace (weapon)
 h - a +2 dagger of speed
Armour
 b - a +0 leather armour
 i - a +0 kite shield (worn)
 j - a +0 helmet (worn)
 r - a +0 ring mail (worn)
Jewellery
 c - an amulet of regeneration (around neck)
 p - an uncursed ring of fire {unknown}
Wands
 l - a wand of acid (9)
Scrolls
 d - 2 scrolls of identify {unknown}
 e - 3 scrolls of remove curse {unknown}
 k - a scroll of amnesia {unknown}
 m - a scroll of fog {unknown}
Potions
 f - a potion of degeneration {unknown}
 g - a potion of curing {unknown}
 n - a potion of haste {unknown}
 o - a potion of might {unknown}
 q - 2 potions of heal wounds {unknown}


   Skills:
 + Level 4.0 Fighting
 + Level 2.3 Maces & Flails
 + Level 2.2 Armour
 + Level 1.2 Dodging
 - Level 0.3 Stealth
 + Level 0.4 Shields
 - Level 2.1 Invocations


You had 2 spell levels left.
You didn't know any spells.
Your spell library was empty.

Dungeon Overview and Level Annotations

Branches:
Dungeon (3/15)

Altars:
Dithmenos


Innate Abilities, Weirdness & Mutations

Your body is rotting away.
You thrive by killing the living.
You are immune to poison.
You have sharp fingernails.
Your flesh is cold resistant. (rC+)
You are immune to negative energy. (rN+++)
You do not regenerate when monsters are visible.
You are immune to unholy pain and torment.
You can survive without breathing.


Message History

The orc wizard hits you but does no damage. x2
You hit the orc wizard but do no damage.
The orc wizard is moderately wounded.
The orc wizard hits you with a +0 dagger.
* * * LOW HITPOINT WARNING * * *
The orc wizard points at you and mumbles some strange words.
The puff of frost misses you.
You barely miss the orc wizard.
The orc wizard is moderately wounded.
The orc wizard hits you but does no damage.
The orc wizard points at you and mumbles some strange words.
The magic dart hits you but does no damage.
You hit the orc wizard.
The orc wizard is heavily wounded.
The orc wizard casts a cantrip, but nothing happens.
The orc wizard casts a spell at you. The magic dart hits you.
* * * LOW HITPOINT WARNING * * *
The orc wizard hits you with a +0 dagger.
You die...

#.# #.##.# #.#
#.##.#
#.###.##..
#.....###.#
#.###.# .# #.#
#.# ....o..
#.# #.# #).r..
#.# #.# ..o
### #@# ###.o#
#o###.#!.#
#o....#..#####
#####.o.>.....
#†........
#.........
#.........
#.........
#.........


You could see an orc wizard (fast) and an orc.

Vanquished Creatures
  An adder (D:2)
  2 worms (D:2)
  A dart slug (D:1)
  An orc (D:2)
  A bat (D:1)
  3 giant cockroaches
  5 hobgoblins (D:1)
  4 jackals (D:2)
  2 quokkas (D:2)
  A frilled lizard (D:2)
  4 kobolds (D:1)
  9 rats
34 creatures vanquished.

Notes
Turn   | Place    | Note
-------+----------+-------------------------------------------
     0 | Abyss:1  | ringo67 the Ghoul Abyssal Knight began the quest for the
                  | Orb.
     0 | Abyss:1  | Reached XP level 1. HP: 19/19 MP: 1/1
    27 | D:1      | Escaped the Abyss
   517 | D:1      | Reached XP level 2. HP: 27/27 MP: 2/2
   631 | D:1      | Reached * piety under Lugonu
   745 | D:1      | You fall into a shaft and drop 1 floor!
   779 | D:1      | Reached skill level 1 in Dodging
   788 | D:1      | Reached XP level 3. HP: 32/33 MP: 3/3
  1388 | D:2      | You fall into a shaft and drop 1 floor!
  1495 | D:2      | Reached skill level 4 in Fighting
  1509 | D:2      | Found a shadowy altar of Dithmenos.
  1792 | D:2      | HP: 1/33 [orc wizard/magic dart (5)]
  1792 | D:2      | Slain by an orc wizard

Illustrated notes

Levels and vault maps discovered:
D:1:      scummos_arrival_simple_crosswalls, layout_loops_corners,
          item_on_display_a
D:2:      layout_basic, grunt_dithmenos_smoke
D:3:      minmay_bubble_buster, layout_basic, makhleb_heckhound_becter,
          nicolae_ru_great_annihilating_truth, kennysheep_generic_room_7

Skill      XL: |  1  2  3 |
---------------+----------+-----
Maces & Flails | 2 |  2.3
Armour         | 2 |  2.2
Dodging        | 1 |  1.2
Fighting       | 4 |  4.0
Stealth        | |  0.3
Shields        | |  0.4
Invocations    | |  2.1

Action                   || total
-------------------------++-------
Melee: Mace              ||   116
       Dagger            ||    11
Invok: Depart the Abyss  ||     1
Armor: Leather armour    ||    27
       Ring mail         ||     8
Dodge: Dodged            ||    53
Block: Kite shield       ||    20

Table legend: (Time is in decaauts)
 A = Elapsed time spent in this place.
 B = Non-inter-level travel time spent in this place.
 C = Inter-level travel time spent in this place.
 D = Time resting spent in this place.
 E = Time spent auto-exploring this place.
 F = Levels seen in this place.
 G = Mean time per level.
                   A        B        C        D        E       F      G
               +--------+--------+--------+--------+--------+-----+--------+
         Total |   1830 |   1798 |     32 |    471 |    922 |   4 |  457.5 |
       Dungeon |   1803 |   1771 |     32 |    471 |    922 |   3 |  601.0 |
         Abyss |     27 |     27 |      0 |      0 |      0 |   1 |   27.0 |
               +--------+--------+--------+--------+--------+-----+--------+

Top non-repeatable levels by time:
     D:1: 1333 daAuts
     D:2: 447 daAuts
 Abyss:1: 27 daAuts
     D:3: 22 daAuts
